 Dungeon Crawl Stone Soup version 0.27.1-33-g824d729ab1 (webtiles) character file.

Game seed: 2261442712519101187

121 lordive the Insei (level 5, 0/37 HPs)
             Began as a Merfolk Transmuter on Dec 27, 2021.
             Slain by a water moccasin (7 damage)
             ... on level 5 of the Dungeon.
             The game lasted 00:03:05 (3122 turns).

lordive the Insei (Merfolk Transmuter)              Turns: 3122, Time: 00:03:07

Health: 0/37       AC:  2    Str: 10    XL:     5   Next: 5%
Magic:  2/8        EV: 21    Int: 13    God:
Gold:   74         SH:  0    Dex: 20    Spells: 5/9 levels left

rFire    . . .     SeeInvis .     - Unarmed
rCold    . . .     Faith    .   (shield currently unavailable)
rNeg     + . .     Spirit   .   (armour currently unavailable)
rPois    x         Reflect  .   (helmet currently unavailable)
rElec    .         Harm     .   (cloak currently unavailable)
rCorr    .         Rampage  .   (gloves currently unavailable)
Will     .....                  (boots currently unavailable)
Stlth    ++........             (no amulet)
HPRegen  0.12/turn              k - ring of positive energy
MPRegen  0.11/turn              (no ring)

@: lethally poisoned (0 -> -15), spider-form
A: venomous fangs, tiny, (nimble swimmer 2), (mertail)
a: End Transformation


You were on level 5 of the Dungeon.
You were a venomous arachnid creature.
You visited 1 branch of the dungeon, and saw 4 of its levels.

You collected 74 gold pieces.

Inventory:

Armour
 a - a +0 robe (melded)
Jewellery
 k - a ring of positive energy (left front leg)
Wands
 j - a wand of paralysis (7)
Scrolls
 c - 2 scrolls of holy word {unknown}
 d - a scroll of enchant weapon {unknown}
 e - 4 scrolls of identify {unknown}
 f - a scroll of fear {unknown}
 h - 2 scrolls of vulnerability {unknown}
Potions
 b - a potion of might {unknown}
 g - a potion of haste {unknown}
 i - a potion of resistance {unknown}
 l - a potion of heal wounds {unknown}
 m - 2 potions of ambrosia {unknown}


   Skills:
 + Level 1.4 Fighting
 + Level 3.5 Dodging
 + Level 0.7 Stealth
 + Level 4.4 Unarmed Combat
 + Level 2.5 Spellcasting
 * Level 4.1 Transmutations


You had 5 spell levels left.
You knew the following spells:

 Your Spells              Type           Power      Damage    Failure   Level
a - Beastly Appendage     Tmut           24%        N/A       13%         1
b - Spider Form           Tmut/Pois      3%         N/A       52%         3

Your spell library contained the following spells:

 Spells                   Type           Power      Damage    Failure   Level
 Wereblood                Tmut           12%        N/A       19%         2
 Ice Form                 Ice/Tmut       7%         N/A       87%         4


Dungeon Overview and Level Annotations

Branches:
Dungeon (3/15)

Altars:


Innate Abilities, Weirdness & Mutations

You are a venomous arachnid creature.
You have poisonous fangs.
You are tiny and dextrous.
Your spellcasting is less reliable in this form.
Your armour is entirely melded.
You are incapable of wielding weapons or throwing items.
((You are quick and stealthy near water. (Stealth+, EV+, Speed+++)))
((Your lower body shifts to a powerful aquatic tail in water.))


Message History

Confirm with . or Enter, or press ? or * to list all spells.
The spell is quite dangerous to cast (30% risk of failure)!
Continue anyway?
You miscast Spider Form.
You are very lightly contaminated with residual magic.
Nothing appears to happen.
Casting: Spider Form (quite dangerous; 30% risk of failure)
Confirm with . or Enter, or press ? or * to list all spells.
The spell is quite dangerous to cast (30% risk of failure)!
Continue anyway?
Your horns disappear.
You turn into a venomous arachnid creature.
Your +0 robe melds into your body.
The water moccasin bites you! The water moccasin closely misses you.
The water moccasin completely misses you.
You hit the water moccasin.
The water moccasin is lightly wounded.
The water moccasin misses you.
You barely miss the water moccasin.
The water moccasin is lightly wounded.
The water moccasin misses you.
You hit the water moccasin.
The water moccasin is moderately wounded.
The water moccasin completely misses you.
The water moccasin closely misses you.
You hit the water moccasin but do no damage.
The water moccasin is moderately wounded.
The water moccasin bites you!
You are lethally poisoned!
The water moccasin poisons you!
You bite the water moccasin!
The water moccasin is heavily wounded.
You feel very sick. The water moccasin misses you.
Your magical contamination has completely faded away.
You hit the water moccasin.
The water moccasin is severely wounded.
You feel very sick. The water moccasin bites you.
* * * LOW HITPOINT WARNING * * *
The water moccasin bites you!
You die...

...# #..# #..#
#..# #..# #..#
#..# ###.s#####.
#######...S.......
#............#.###
#.#####.####.# #.#
#.# .# #.# #.# ..
#.# #.# .. #.# #..
..# #.# #.#


You could see a water moccasin.

Vanquished Creatures
  A hound (D:3)
  3 adders
  An ufetubus (D:3)
  4 dart slugs
  An orc (D:3)
  2 endoplasms
  5 giant cockroaches
  4 goblins
  8 hobgoblins
  2 kobolds
  2 quokkas (D:1)
  7 ball pythons
  3 bats
  2 frilled lizards
  3 rats
48 creatures vanquished.

Notes
Turn   | Place    | Note
-------+----------+-------------------------------------------
     0 | D:1      | lordive the Merfolk Transmuter began the quest for the Orb.
     0 | D:1      | Reached XP level 1. HP: 15/15 MP: 3/3
   338 | D:1      | Reached XP level 2. HP: 15/21 MP: 5/5
  1060 | D:2      | Reached XP level 3. HP: 22/26 MP: 4/6
  2074 | D:2      | Reached XP level 4. HP: 32/32 MP: 5/7
  2144 | D:2      | Learned a level 3 spell: Spider Form
  3070 | D:3      | Reached XP level 5. HP: 34/37 MP: 8/8
  3097 | D:3      | You fall into a shaft and drop 2 floors!
  3097 | D:5      | Entered Level 5 of the Dungeon
  3111 | D:5      | Noticed a water moccasin
  3122 | D:5      | Slain by a water moccasin

Illustrated notes

Levels and vault maps discovered:
D:1:      zelgadis_glass_arrival_large, layout_basic
D:2:      layout_loops_cross, minmay_pentomino_v2
D:3:      layout_rooms, uniq_terence
D:5:      layout_loops_ring, minmay_ogre_servants

Skill      XL: |  1  2  3  4 |
---------------+-------------+-----
Transmutations | 3 4 |  4.1
Unarmed Combat | 4 |  4.4
Dodging        | 3 |  3.5
Fighting       | |  1.4
Stealth        | |  0.7
Spellcasting   | |  2.5

Action                   |  1- 3 |  4- 6 || total
-------------------------+-------+-------++-------
Melee: Unarmed           |   109 |    83 ||   192
       Headbutt          |    12 |     7 ||    19
       Punch             |     2 |     2 ||     4
 Cast: Beastly Appendage |    21 |     9 ||    30
       Spider Form       |       |     1 ||     1
 Stab: Sleeping          |     1 |     1 ||     2
Armor: Robe              |    26 |     5 ||    31
Dodge: Dodged            |    85 |    69 ||   154
